 Dungeon Crawl Stone Soup version 0.23.2-1-ga50397a6bc (webtiles) character file.

Game seed: 3941332658099628726

42 MisterOstroum the Skirmisher (level 3, -6/27 HPs)
             Began as an Octopode Chaos Knight on May 6, 2019.
             Was a Plaything of Xom.
             Mangled by a worm (16 damage)
             ... on level 2 of the Dungeon.
             The game lasted 00:09:04 (1302 turns).

MisterOstroum the Skirmisher (OpCK)                 Turns: 1302, Time: 00:09:05

Health: -6/27      AC:  1    Str: 11    XL:     3   Next: 56%
Magic:  3/3        EV: 13    Int: 14    God:    Xom [.*....]
Gold:   13         SH:  0    Dex: 12    Spells: 2/2 levels left

rFire    . . .     SeeInvis .   a - +0 falchion (chaos)
rCold    . . .     Gourm    .   (no shield)
rNeg     . . .     Faith    .   (helmet restricted)
rPois    .         Spirit   .   (no amulet)
rElec    .         Reflect  .   (no ring)
rCorr    .         Harm     .   (no ring)
MR       .....                  (no ring)
Stlth    ++........             (no ring)
HPRegen  0.09/turn              (no ring)
MPRegen  0.08/turn              (no ring)
                                (no ring)
                                (no ring)

@: no status effects
A: almost no armour, stealthy swim, amphibious, 8 rings, constrict 8, camouflage
1, gelatinous body 1
a: Renounce Religion


You were on level 2 of the Dungeon.
You worshipped Xom.
You were a plaything of Xom.
You were not hungry.

You visited 1 branch of the dungeon, and saw 3 of its levels.

You collected 13 gold pieces.

Inventory:

Hand Weapons
 a - a +0 falchion of chaos (weapon)
Missiles
 d - 62 stones (quivered)
 f - 20 sling bullets
Scrolls
 b - a scroll of random uselessness {unknown}
 g - a scroll of immolation {unknown}
 i - a scroll of teleportation {unknown}
 k - a scroll of identify {unknown}
Potions
 h - 3 potions of heal wounds {unknown}
 j - a potion of haste {unknown}
Comestibles
 e - a ration


   Skills:
 + Level 3.8 Fighting
 + Level 3.8 Long Blades
 - Level 2.3 Dodging


You had 2 spell levels left.
You didn't know any spells.
Your spell library was empty.

Dungeon Overview and Level Annotations

Branches:
Dungeon (3/15)

Altars:
Nemelex Xobeh


Innate Abilities, Weirdness & Mutations

You cannot wear most types of armour.
You are very stealthy in the water. (Stealth+)
You are amphibious.
You can wear up to eight rings at the same time.
You can use your tentacles to constrict eight enemies at once.
Your skin changes colour to match your surroundings (Stealth+).
Your rubbery body absorbs attacks. (AC +1, EV +1)


Message History

No target in view!
A frilled lizard comes into view.
You see here a +0 club.
A frilled lizard is nearby!
The frilled lizard hisses angrily.
The frilled lizard barely misses you.
You riposte.
You closely miss the frilled lizard. Your grab misses the frilled lizard.
You slash the frilled lizard!
You kill the frilled lizard!
No target in view!
You see here a frilled lizard corpse.
You butcher the frilled lizard corpse.
c - a chunk of flesh You see here a frilled lizard skeleton.
Eating a chunk of flesh.
You eat the chunk of flesh.
This raw flesh tastes terrible.
Done exploring.
Done exploring.
(D) Dungeon
Where to? (? - help)
You see here a frilled lizard skeleton.
You see here a +0 club.
There is an open door here.
There is a stone staircase leading down here.
You climb downwards.
Found a pair of gloves.
There is a stone staircase leading up here.
There is a stone staircase leading up here.
You open the door.
There is an open door here.
Found a sparkling altar of Nemelex Xobeh.
You open the door.
Found a stone staircase leading down.
A worm comes into view.
Found a ration.
There is an open door here.
A worm comes into view.
The helpless worm fails to defend itself.
You hit the worm. You grab the worm.
The worm is lightly wounded.
You constrict the worm. The worm bites you.
You hit the worm.
The worm is moderately wounded.
You constrict the worm. The worm bites you!
You are too injured to fight recklessly!
You completely miss the worm.
The worm is heavily wounded.
You constrict the worm. You completely miss the worm.
The worm is heavily wounded.
You constrict the worm. The worm closely misses you.
You riposte.
You hit the worm.
Wisps of vapour drift from your falchion of chaos.
You squeeze the worm.
You kill the worm!
A frilled lizard comes into view.
There is a stone staircase leading down here.
You climb downwards.
Xom shushes you conspicuously.
You feel stealthy. 6 dart slugs come into view.
Found six items.
There is a stone staircase leading up here.
You climb upwards.
There is a stone staircase leading down here.
There is an open door here.
There is an open door here.
There is a stone staircase leading up here.
You climb upwards.
There is a stone staircase leading down here.
You start resting.
You feel less stealthy.
You start resting.
HP restored.
You climb downwards.
There is a stone staircase leading up here.
Throwing (i - inventory)
d - 64 stones (quivered)
Press: ? - help, Shift-Dir - straight line, f - worm
Aim: a worm You throw a stone.
The stone hits the worm.
The worm is lightly wounded.
Throwing (i - inventory)
d - 63 stones (quivered)
Press: ? - help, Shift-Dir - straight line, f/p - worm
Aim: a worm (lightly wounded)
You throw a stone.
The stone hits the worm but does no damage.
The worm is lightly wounded.
You hit the worm.
The worm goes berserk!
Xom is highly amused!
Your grab misses the worm. You squeeze the worm!
The worm is heavily wounded.
The worm bites you!
You hit the worm. You burn the worm. You grab the worm.
The worm is severely wounded.
You constrict the worm. The worm bites you!
You hit the worm. You freeze the worm.
The worm is almost dead.
You constrict the worm. The worm bites you!
Ouch! That really hurt!
You die...

#≈§≈.≈≈≈#.........
######≈≈≈.§§§#........l
##....+..._§§.'.......##
#.....#≈≈§w§§≈#.........
#....#§§§§≈≈≈#.>.....##
#....##§≈.≈≈##.......#
#..[..###§###.%......#
#......#..# #.########
#.....@w(## #.
#####...## ## #...###
....### ..### #


You could see a worm (berserk).

Vanquished Creatures
  An ooze (D:1)
  A worm (D:2)
  A leopard gecko (D:1)
  4 bats (D:1)
  3 giant cockroaches (D:1)
  5 hobgoblins (D:1)
  3 jackals (D:1)
  4 kobolds (D:1)
  3 frilled lizards (D:1)
  6 rats (D:1)
  A plant (D:1)
32 creatures vanquished.

Notes
Turn   | Place    | Note
-------+----------+-------------------------------------------
     0 | D:1      | MisterOstroum the Octopode Chaos Knight began the quest for
                  | the Orb.
     0 | D:1      | Reached XP level 1. HP: 16/16 MP: 1/1
   107 | D:1      | Reached XP level 2. HP: 20/21 MP: 2/2
   192 | D:1      | XOM is BORED!
   192 | D:1      | XOM: harmless Necr miscast
   341 | D:1      | XOM: silly message
   427 | D:1      | Reached XP level 3. HP: 16/26 MP: 3/3
   897 | D:1      | XOM: silly message
  1131 | D:2      | Found a sparkling altar of Nemelex Xobeh.
  1150 | D:3      | XOM: stealth player
  1302 | D:2      | Mangled by a worm

Action                   || total
-------------------------++-------
Melee: Falchion          ||    68
       Constrict         ||    18
       Tentacles         ||    15
Throw: Stone             ||     7
 Stab: Sleeping          ||     4
  Eat: Chunk             ||     1
Armor: Skin              ||     3
Dodge: Dodged            ||    36
       Rpst.: Falchion   ||    15
